Unix NetHack Version 5.0.0-0 post-release - last build May 17 2026 04:57:42 (dc50c8380fa5e20985bfe3072449f57b8d9895ef,branch:main).

Game began 2026-05-18 19:05:09, ended 2026-05-18 19:26:06.

ArrBianca, neutral female human Healer

                                                       -----          -------
                                                       |....##########......|
                                                       |...|#         |.....|
                                                       |...|#        #-....<|
                                                       |..>|#        #-------
                                                       ....|#        #
                                                       -----#        #
                                                          ###        #
                                                           #         #
                                                          ##         #
                                                          #----------#
                                                          #|........|B
                                                          #|........|@
                                                          #|........|#
                                                          #|........|#
                                                          #..........#
                                                           ----------

ArrBianca the Empiric        St:12 Dx:9 Co:14 In:12 Wi:16 Ch:16  Neutral
Dlvl:9  $:1741 HP:0(38) Pw:3(33) AC:8  Xp:5 T:3256 

Latest messages:
 The vampire bat bites again!
 In what direction? .
 You feel better.
 The vampire bat bites!
 The vampire bat bites again!
 You hit the vampire bat!
 The vampire bat bites!
 The vampire bat bites again!
 You hit the vampire bat.
 The vampire bat bites!
 The vampire bat bites again!
 The vampire bat's bite was poisoned!
 The poison doesn't seem to affect you.
 The vampire bat bites!
 The vampire bat bites again!
 What do you want to drink? [d-gFU or ?*] ?
 You feel better.
 The vampire bat bites!
 The vampire bat bites again!
 You hit the vampire bat.
 The vampire bat bites!
 The vampire bat bites again!
 The vampire bat bites!
 The vampire bat bites again!
 You hit the vampire bat.
 You hear crashing rock.
 The vampire bat bites!
 The vampire bat bites again!
 The vampire bat bites!
 The vampire bat bites again!
 You hit the vampire bat!
 The vampire bat bites!
 The vampire bat bites again!
 The vampire bat bites!
 The vampire bat bites again!
 What do you want to drink? [d-gFU or ?*] ?
 You feel better.
 The vampire bat bites!
 The vampire bat bites again!
 The vampire bat bites!
 The vampire bat bites again!
 You miss the vampire bat.
 The vampire bat bites!
 The vampire bat bites again!
 The vampire bat bites!
 The vampire bat bites again!
 You miss the vampire bat.
 The vampire bat bites!
 You die...
 Do you want your possessions identified? [ynq] (y) q

Inventory:
 Coins    ('$')
  $ - 1741 gold pieces
 Weapons  (')')
  I - 9 blessed +0 darts (at the ready)
  Y - 6 +0 darts
  a - a +1 scalpel (weapon in right hand)
 Armor    ('[')
  b - an uncursed +1 pair of leather gloves (being worn)
 Comestibles  ('%')
  m - 5 uncursed food rations
  W - an uncursed fortune cookie
  H - a cursed rotten tin of gnome meat
  o - 2 uncursed lichen corpses
 Scrolls  ('?')
  V - an uncursed scroll of confuse monster
  E - a blessed scroll of stinking cloud
  s - an uncursed scroll of teleportation
 Potions  ('!')
  g - a blessed potion of extra healing
  f - 3 uncursed potions of extra healing
  F - an uncursed potion of gain energy
  U - an uncursed potion of hallucination
  e - a blessed potion of healing
  d - 2 uncursed potions of healing
 Rings    ('=')
  q - an uncursed ring of stealth
  p - an uncursed ring of sustain ability
 Wands    ('/')
  O - a wand of digging (0:4)
  X - a wand of opening (0:6)
  z - a wand of secret door detection (0:13)
  M - a wand of sleep (0:6)
  y - a wand of slow monster (0:5)
 Tools    ('(')
  h - an uncursed sack containing 4 items
  K - an uncursed blindfold
  w - an uncursed lock pick
  R - an uncursed mirror
  J - an uncursed oil lamp
  c - an uncursed stethoscope
  L - an uncursed tin opener
  j - an uncursed tin whistle

Contents of the sack:
  an uncursed head of romanesco
  a blessed spellbook of extra healing
  a blessed spellbook of healing
  a blessed spellbook of stone to flesh

ArrBianca the Healer's attributes:

Background:
 You were an Empiric, a level 5 female human Healer.
 You were neutral, nominally on a mission for Hermes
 who was opposed by Athena (lawful) and Poseidon (chaotic).
 You were right-handed.
 You were in the Dungeons of Doom, on level 9.
 You entered the dungeon 3256 turns ago.
 There was a new moon in effect when your adventure ended.
 You had 206 experience points, 114 more were needed to attain level 6.

Basics:
 You had 0 out of 38 hit points.
 You had 3 out of 33 energy points (spell power).
 Your armor class was 8.
 Your wallet contained 1741 zorkmids.
 Autopickup was on for '$?!/="+%' plus thrown, with exceptions.

Final Characteristics:
 Your strength was 12 (limit:18/100).
 Your dexterity was 9 (limit:18).
 Your constitution was 14 (limit:18).
 Your intelligence was 12 (limit:18).
 Your wisdom was 16 (limit:18).
 Your charisma was 16 (limit:18).

Final Status:
 You weren't hungry.
 You were unencumbered.
 You were wielding a knife.
 You were skilled in knife.

Final Attributes:
 You were piously aligned.
 You were poison resistant.
 You were telepathic.
 You are dead.

Miscellaneous:
 You didn't encounter any bones levels.
 Total elapsed playing time was 20 minutes and 57 seconds.

Major events:
 Turn
    1: ArrBianca the neutral female human Healer entered the dungeon
 1146: attained the rank of Empiric (level 3)
 3134: entered Sokoban
 3256: killed by a vampire bat

Spells:
 Name                 Level Category     Fail Retention
 healing                1   healing        0%   81%-90%
 extra healing          3   healing        0%   81%-90%
 stone to flesh         3   healing        4%   81%-90%

Skills:
 Fighting Skills
   bare handed combat [Unskilled]
 Weapon Skills
   dagger             [Unskilled]
   knife              [Skilled]
   short sword        [Unskilled]
   saber              [Unskilled]
   club               [Unskilled]
   mace               [Unskilled]
   quarterstaff       [Unskilled]
   polearms           [Unskilled]
   spear              [Unskilled]
   trident            [Unskilled]
   sling              [Unskilled]
   dart               [Unskilled]
   shuriken           [Unskilled]
   unicorn horn       [Unskilled]
 Spellcasting Skills
   healing spells     [Basic]

Voluntary challenges:
 Character rerolling was not enabled.
 You were an atheist.
 You never had a pet.
 You never genocided any monsters.
 You never polymorphed an object.
 You never changed form.
 You used no wishes.
 You did not violate any of the special Sokoban rules.
Achievements:
 You entered a shop.
 You attained the rank of Empiric.
 You entered Sokoban.

 The Dungeons of Doom: levels 1 to 10
    Level 1:
       A fountain, a sink.
    Level 2:
       A general store.
    Level 3:
    Level 4:
       A tool shop, a fountain.
    Level 5:
    Level 6:
       A fountain, a grave.
    Level 7:
       Some fountains.
    Level 9: <- You were here.
       Stairs up to Sokoban, level 8.
       Final resting place for
          you, killed by a vampire bat.
    Level 10:
       A fountain, some graves.
 Sokoban:
    Level 8:
       Unsolved.


Vanquished creatures:
  a lizard
  a wood nymph
  a yellow light
  a ghoul
  a floating eye
  a dwarf
  a rothe
  a rabid rat
  a giant bat
 an orc zombie
 an acid blob
  a coyote
  5 large kobolds
  6 giant rats
  a brown mold
  a gecko
  3 jackals
  a fox
  a kobold
  5 grid bugs
  3 lichens
  a kobold zombie
39 creatures vanquished.

No species were genocided or became extinct.

Game over:
                       ----------
                      /          \
                     /    REST    \
                    /      IN      \
                   /     PEACE      \
                  /                  \
                  |    ArrBianca     |
                  |     1741 Au      |
                  |   killed by a    |
                  |   vampire bat    |
                  |                  |
                  |                  |
                  |       2026       |
                 *|     *  *  *      | *
        _________)/\\_//(\/(/\)/\//\/|_)_______

Goodbye ArrBianca the Healer...

You died in The Dungeons of Doom on dungeon level 9 with 1414 points,
and 1741 pieces of gold, after 3256 moves.
You were level 5 with a maximum of 38 hit points when you died.

